 Dungeon Crawl Stone Soup version 0.17.0-28-g6e173f8 (webtiles) character file.

388 allkash the Conjurer (level 6, -13/32 HPs)
             Began as a Deep Elf Conjurer on Nov 28, 2015.
             Mangled by an ogre
             ... wielding a +0 giant spiked club
              (26 damage)
             ... on level 4 of the Dungeon.
             The game lasted 00:27:37 (4926 turns).

allkash the Conjurer (Deep Elf Conjurer)            Turns: 4926, Time: 00:27:37

Health: -13/32     AC:  3    Str:  5    XL:     6   Next: 49%
Magic:  12/17      EV: 14    Int: 22    God:
Gold:   136        SH:  0    Dex: 15    Spells: 2 memorised, 14 levels left

rFire  + . .     SeeInvis .     v - +5 quarterstaff (chaos)
rCold  . . .     Clarity  .     d - +0 robe
rNeg   . . .     SustAt   .     (shield currently unavailable)
rPois  .         Gourm    .     (helmet restricted)
rElec  .         Spirit   .     w - +0 cloak
rCorr  .         Warding  .     (no gloves)
rMut   .         Stasis   .     (no boots)
MR     .....                    (no amulet)
Stlth  ++........               (no ring)
                                (no ring)

@: not resistant to hostile enchantments, unstealthy
A: horns 1, fire resistance 1, screaming 1
a: no special abilities


You were on level 4 of the Dungeon.
You were not hungry.

You visited 1 branch of the dungeon, and saw 4 of its levels.

You collected 136 gold pieces.

Inventory:

Hand Weapons
 v - a +5 quarterstaff of chaos (weapon)
Armour
 a - a +0 robe
 d - a +0 robe (worn)
 e - a +2 buckler
 k - a +0 robe
 w - a +0 cloak (worn)
Wands
 u - a wand of confusion (19)
Scrolls
 i - a scroll of recharging
 j - a scroll of noise
 t - a scroll of remove curse {unknown}
 y - a scroll of fog
Potions
 h - 2 potions of brilliance
 l - a potion of berserk rage {unknown}
 m - a potion of lignification
 n - a potion of might
 q - 2 potions of curing
 r - 2 potions of haste
 s - a potion of poison
 x - a potion of resistance {unknown}
Books
 b - a book of Conjurations

   Spells                             Type                      Level
   a - Magic Dart                     Conjuration                  1
   b - Searing Ray                    Conjuration                  2
   c - Dazzling Spray                 Conjuration/Hexes            3
   d - Fulminant Prism                Conjuration/Hexes            4
   e - Iskenderun's Mystic Blast      Conjuration                  4
   f - Iskenderun's Battlesphere      Conjuration/Charms           5
Comestibles
 c - 2 bread rations
 f - 2 fruits
 g - a meat ration
 o - a slice of pizza
 p - a beef jerky


   Skills:
 + Level 3.6 Dodging
 + Level 3.6 Stealth
 * Level 6.2 Spellcasting
 * Level 6.4 Conjurations


You had 14 spell levels left.
You knew the following spells:

 Your Spells              Type           Power        Failure   Level  Hunger
a - Magic Dart            Conj           ####         1%          1    None
b - Searing Ray           Conj           ####..       1%          2    None


Dungeon Overview and Level Annotations

Branches:
Dungeon (4/15)
 Temple: D:4-7

Altars:
The Shining One

Shops:
D:4 [


Innate Abilities, Weirdness & Mutations

You have a pair of small horns on your head.
Your flesh is heat resistant.
You occasionally shout uncontrollably at your foes.


Message History

The ogre shouts!
Casting: Magic Dart
Confirm with . or Enter, or press ? or * to list all spells.
Aiming: Searing Ray
Press: ? - help, Shift-Dir - straight line, f/p - ogre
Aim: an ogre, wielding a giant spiked club (lightly wounded)
The searing ray hits the ogre.
The ogre is moderately wounded.
The searing ray hits the ogre.
The ogre is heavily wounded.
The ogre hits you but does no damage.
The searing ray hits the ogre.
The ogre is heavily wounded.
The ogre hits you with a giant spiked club!!
Ouch! That really hurt!
The searing ray hits the ogre.
The ogre is almost dead.
The ogre hits you with a giant spiked club!!
Ouch! That really hurt!
You die...

#.# #.# #.# #.# #.#
#.# ####.## ##.##
#....(#####...#####
#............##...#
#........∩##.# ...
####...##.##.##.####.#
#...##...@O.......#
#...##.......######
##############


You could see an ogre.

Vanquished Creatures
  3 hounds (D:4)
  An orc wizard (D:3)
  Crazy Yiuf (D:2)
  An orc priest (D:3)
  2 worker ants
  3 gnolls (D:4)
  3 adders
  3 oozes
  3 worms (D:3)
  3 giant geckos
  3 orcs
  13 goblins
  15 hobgoblins
  4 jackals (D:1)
  A ball python (D:1)
  7 bats
  6 giant cockroaches
  3 giant newts
  8 kobolds
  A quokka (D:2)
  4 rats
88 creatures vanquished.

Notes
Turn   | Place    | Note
--------------------------------------------------------------
     0 | D:1      | allkash the Deep Elf Conjurer began the quest for the Orb.
     0 | D:1      | Reached XP level 1. HP: 10/10 MP: 6/6
   456 | D:1      | Reached XP level 2. HP: 15/15 MP: 6/8
  1134 | D:1      | Reached skill level 5 in Conjurations
  1607 | D:1      | Reached XP level 3. HP: 19/19 MP: 0/9
  1793 | D:2      | Learned a level 2 spell: Searing Ray
  2032 | D:2      | Gained mutation: You occasionally shout uncontrollably at your foes. [potion of mutation]
  2032 | D:2      | Gained mutation: You have a pair of small horns on your head. [potion of mutation]
  2032 | D:2      | Gained mutation: Your flesh is heat resistant. [potion of mutation]
  2618 | D:2      | Found a glowing golden altar of the Shining One.
  2648 | D:2      | Reached XP level 4. HP: 24/24 MP: 9/12
  2958 | D:3      | Found a faded altar to an unknown god.
  3253 | D:2      | Noticed Crazy Yiuf
  3270 | D:2      | Killed Crazy Yiuf
  3743 | D:3      | Reached skill level 5 in Spellcasting
  3946 | D:4      | Reached XP level 5. HP: 28/28 MP: 9/14
  3979 | D:3      | Reached skill level 6 in Conjurations
  4227 | D:3      | Reached XP level 6. HP: 17/32 MP: 11/16
  4829 | D:4      | Found Neiniozi's Armour Shoppe.
  4918 | D:4      | Noticed an ogre
  4926 | D:4      | Mangled by an ogre

Action                   |  1- 3 |  4- 6 || total
-------------------------+-------+-------++-------
Melee: Quarterstaff      |       |     2 ||     2
 Cast: Magic Dart        |    79 |    78 ||   157
       Searing Ray       |     3 |    19 ||    22
  Use: Potion            |     2 |     2 ||     4
       Scroll            |       |    10 ||    10
  Eat: Chunk             |     5 |     6 ||    11
       Fruit             |       |     1 ||     1
